AoeStats
← ELPOCHOGOL

Lombardia

510189842Analyzed
4v4 RM · 1d ago on Sep 29, 2026· 63m 30s· 8 players
Game mode
Random Map
Map size
Large (8 player)
Population
200
Speed
Normal
Resources
Standard
Victory
Conquest
Starting age
Dark Age
Ending age
Imperial Age
RankedLock teamsTeams togetherTeam positionsShared explorationLock speedFull tech treeHidden civsTurbo modeCheats
Victory
Defeat
🇦🇷 Bengalis · Argentina
1287
+10
🇨🇴 Cumans · Colombia
1194
+14
🇦🇷 Britons · Argentina
1188
+15
🇨🇴 Khitans · Colombia
1187
+14
🇯🇴 Gurjaras · Jordan
1161
-14
🇹🇷 Celts · Türkiye
1161
-14
🇦🇷 Franks · Argentina
1155
-13
🇺🇸 Bohemians · United States
1112
-12
ELPOCHOGOL
10:14 Feudal Age
12:17 Loom
17:46 Castle Age
15:45 Double-Bit Axe
15:59 Gold Mining
17:03 Stone Mining
17:25 Scale Barding Armor
18:45 Wheelbarrow
19:28 Husbandry
26:08 Light Cavalry
27:11 Chain Barding Armor
27:02 Forging
26:44 Fletching
26:55 Padded Archer Armor
27:19 Town Watch
28:08 Hand Cart
28:41 Gold Shaft Mining
28:20 Bow Saw
32:39 Imperial Age
31:18 Town Patrol
32:41 Iron Casting
33:23 Cavalier
34:29 Ordonnance Companies
35:19 Padded Archer Armor
35:09 Fletching
35:58 Plate Barding Armor
35:14 Fletching
41:36 Paladin
47:26 Bodkin Arrow
52:16 Elite Throwing Axeman
55:58 Leather Archer Armor
56:44 Blast Furnace
55:45 Scale Mail Armor
59:32 Hoardings
59:18 Conscription
61:06 Ballistics
61:46 Chemistry
60:43 Murder Holes
62:24 Masonry
62:19 Siege Engineers
63:22 Hoardings
63:08 Conscription
_FreeZon3_
0:33 Loom
11:22 Feudal Age
11:53 Double-Bit Axe
11:49 Horse Collar
18:40 Castle Age
19:09 Gold Mining
19:40 Bow Saw
19:35 Heavy Plow
23:26 Wheelbarrow
26:36 Hand Cart
27:30 Gold Shaft Mining
29:16 Stone Mining
29:31 Caravan
32:13 Ballistics
32:12 Fortified Wall
34:46 Imperial Age
35:12 Imperial Age
34:36 Forging
34:27 Scale Mail Armor
33:52 Pikeman
34:18 Arson
35:19 Onager
36:12 Furor Celtica
36:23 Conscription
37:10 Chemistry
37:05 Siege Onager
37:47 Halberdier
46:25 Masonry
52:33 Chain Mail Armor
52:54 Iron Casting
58:12 Siege Engineers
Sir_FatLion
11:21 Feudal Age
15:53 Castle Age
14:16 Loom
16:07 Double-Bit Axe
16:05 Horse Collar
25:22 Bow Saw
25:28 Heavy Plow
26:12 Wheelbarrow
26:46 Bloodlines
29:04 Hand Cart
29:44 Scale Barding Armor
30:13 Gold Mining
30:15 Stone Mining
33:07 Imperial Age
32:00 Chain Barding Armor
33:16 Gold Shaft Mining
33:24 Heavy Camel Rider
34:27 Conscription
34:58 Plate Barding Armor
34:52 Husbandry
35:06 Forging
36:05 Frontier Guards
36:43 Crop Rotation
36:45 Kshatriyas
37:41 Iron Casting
38:23 Stone Shaft Mining
37:58 Elite Chakram Thrower
38:41 Scale Mail Armor
40:19 Elite Shrivamsha Rider
41:57 Siege Elephant
43:01 Chain Mail Armor
45:54 Caravan
51:52 Plate Mail Armor
51:52 Light Cavalry
TheEel
4:37 Loom
15:06 Feudal Age
16:15 Double-Bit Axe
16:11 Horse Collar
19:00 Castle Age
20:18 Bow Saw
20:15 Heavy Plow
22:07 Fervor
26:27 Wheelbarrow
28:33 Hand Cart
34:36 Imperial Age
32:55 Sanctity
32:00 Pikeman
32:41 Scale Mail Armor
32:49 Squires
34:41 Halberdier
35:32 Forging
36:55 Two-Man Saw
37:16 Fortified Wall
38:07 Chemistry
37:53 Chain Mail Armor
38:15 Iron Casting
39:18 Chain Mail Armor
40:05 Blast Furnace
39:28 Houfnice
42:22 Plate Mail Armor
43:51 Caravan
44:24 Coinage
44:01 Siege Engineers
45:10 Arson
46:22 Fletching
51:24 Bodkin Arrow
51:48 Caravan
54:04 Masonry
55:00 Bracer
55:07 Bracer
59:42 Guilds
Caballero Cruzado
1:27 Loom
10:37 Feudal Age
11:08 Double-Bit Axe
16:47 Gold Mining
19:09 Castle Age
17:40 Scale Barding Armor
17:56 Domestication
19:10 Wheelbarrow
18:52 Forging
20:03 Bow Saw
20:18 Chain Barding Armor
20:09 Pastoralism
24:31 Husbandry
27:06 Town Watch
30:17 Hand Cart
31:56 Stone Mining
35:34 Imperial Age
34:10 Stone Shaft Mining
34:18 Iron Casting
33:43 Scale Mail Armor
33:34 Fletching
33:44 Padded Archer Armor
34:17 Town Patrol
37:00 Plate Barding Armor
35:51 Elite Steppe Lancer
39:32 Bodkin Arrow
40:53 Transhumance
41:29 Heavy Camel Rider
42:23 Bracer
42:39 Chain Mail Armor
42:49 Conscription
43:07 Lamellar Armor
43:39 Caravan
45:03 Two-Man Saw
45:29 Plate Mail Armor
47:02 Elite Liao Dao
48:33 Leather Archer Armor
48:29 Ordo Cavalry
47:46 Light Cavalry
53:13 Squires
54:11 Hussar
60:29 Ballistics
61:10 Chemistry
60:42 Ring Archer Armor
62:31 Arson
62:07 Elite Fire Lancer
62:07 Pikeman
62:33 Gambesons
Lord pelusa
0:28 Loom
10:12 Feudal Age
11:06 Double-Bit Axe
16:51 Castle Age
18:18 Wheelbarrow
18:36 Gold Mining
18:52 Horse Collar
20:20 Gold Mining
21:12 Town Watch
22:55 Bow Saw
25:39 Fletching
27:10 Crossbowman
27:53 Padded Archer Armor
28:16 Ballistics
29:14 Hand Cart
29:42 Bodkin Arrow
30:02 Leather Archer Armor
31:17 Yeomen
31:53 Fortified Wall
35:23 Imperial Age
34:09 Town Patrol
35:30 Arbalester
37:12 Chemistry
36:51 Conscription
36:33 Caravan
38:54 Bracer
39:24 Ring Archer Armor
40:27 Two-Man Saw
40:24 Warwolf
41:56 Forging
41:47 Scale Mail Armor
41:10 Pikeman
41:51 Squires
46:07 Halberdier
47:38 Gambesons
50:38 Stone Mining
51:24 Gold Shaft Mining
52:38 Iron Casting
52:18 Chain Mail Armor
56:41 Blast Furnace
56:12 Plate Mail Armor
christianperalta141
8:23 Loom
10:11 Feudal Age
11:26 Double-Bit Axe
16:03 Castle Age
15:49 Wheelbarrow
18:49 Forging
18:44 Scale Barding Armor
21:26 Horse Collar
22:01 Bow Saw
25:53 Heavy Plow
26:30 Chain Barding Armor
26:46 Iron Casting
27:23 Hand Cart
31:27 Imperial Age
29:54 Bloodlines
29:47 Padded Archer Armor
29:38 Fletching
30:09 Ballistics
30:17 Gold Mining
30:17 Stone Mining
30:59 Bodkin Arrow
31:19 Leather Archer Armor
31:41 Steppe Husbandry
33:13 Chemistry
33:14 Blast Furnace
32:50 Plate Barding Armor
32:46 Parthian Tactics
32:26 Heavy Cavalry Archer
33:11 Thumb Ring
33:37 Conscription
33:53 Ring Archer Armor
34:01 Plate Barding Armor
37:25 Capped Ram
39:09 Siege Ram
39:38 Elite Steppe Lancer
44:13 Blast Furnace
44:10 Caravan
51:01 Light Cavalry
60:59 Herbal Medicine
Commander Ricky
10:55 Feudal Age
14:36 Castle Age
13:24 Double-Bit Axe
13:22 Horse Collar
18:19 Wheelbarrow
18:25 Bow Saw
23:06 Hand Cart
22:44 Town Watch
23:35 Loom
23:57 Fletching
24:08 Padded Archer Armor
24:53 Bloodlines
24:43 Husbandry
25:31 Gold Mining
26:09 Town Patrol
26:56 Fervor
30:31 Imperial Age
29:23 Husbandry
29:47 Ballistics
30:36 Gold Shaft Mining
32:19 Two-Man Saw
31:05 Elite Elephant Archer
33:04 Chemistry
33:11 Leather Archer Armor
32:54 Bodkin Arrow
33:17 Leather Archer Armor
33:53 Paiks
33:59 Paiks
34:15 Conscription
35:37 Heavy Plow
35:57 Bracer
36:28 Ring Archer Armor
35:58 Bracer
36:28 Ring Archer Armor
43:33 Caravan
46:38 Mahayana
46:00 Light Cavalry
49:48 Scale Barding Armor
49:53 Forging
49:48 Scale Barding Armor
49:53 Forging
49:48 Scale Barding Armor
51:32 Chain Barding Armor
55:44 Iron Casting
55:44 Plate Barding Armor
55:44 Iron Casting
55:44 Plate Barding Armor
63:21 Siege Engineers
63:26 Masonry
Connection lost

Rejoining the realm…

Still unreachable

The connection could not be restored.

Session expired

The server has moved on; the page needs a fresh start.